[Event "36th Belgrade Trophy 2023"]
[Site "Belgrade"]
[Date "2023.12.03"]
[Round "9.7"]
[White "Milosevic, Milos"]
[Black "Savic, Mihailo S"]
[Result "1-0"]
[ECO "C14"]
[WhiteElo "2362"]
[BlackElo "2157"]
[Annotator "ChessBase"]
[PlyCount "49"]
[EventDate "2023.10.23"]
[EventType "swiss"]
[EventCountry "SRB"]
[SourceTitle "playchess.com"]
[Source "ChessBase"]
[SourceQuality "1"]
[TimeControl "40/5400+30:900+30"]

1. e4 e6 2. d4 d5 3. Nc3 Nf6 4. Bg5 Be7 5. e5 Nfd7 6. h4 Nc6 7. Qd2 h6 8. Be3 Nb6 9. h5 a6 10. f4 Bh4+ 11. Kd1 Be7 12. a3 Bd7 13. Nf3 Na7 14. b3 Qc8 15. Qf2 Bb5 16. a4 Bxf1 17. Rxf1 Nd7 18. Qg3 c5 19. Qxg7 Rf8 20. f5 cxd4 21. Bxd4 Bc5 22. fxe6 fxe6 23. Kd2 Nc6 24. Bxc5 Nxc5 25. Nd4 1-0

[Event "36th Belgrade Trophy 2023"]
[Site "Belgrade"]
[Date "2023.12.03"]
[Round "9.8"]
[White "Kilic, Eray"]
[Black "Pavlovic, Luka"]
[Result "1-0"]
[ECO "B90"]
[WhiteElo "2446"]
[BlackElo "2098"]
[Annotator "ChessBase"]
[PlyCount "119"]
[EventDate "2023.10.23"]
[EventType "swiss"]
[EventCountry "SRB"]
[SourceTitle "playchess.com"]
[Source "ChessBase"]
[SourceQuality "1"]
[TimeControl "40/5400+30:900+30"]

1. Nf3 c5 2. e4 d6 3. d4 cxd4 4. Nxd4 Nf6 5. Nc3 a6 6. Bd3 e5 7. Nde2 Be7 8. O-O Nc6 9. a3 O-O 10. Nd5 Nxd5 11. exd5 Nb8 12. f4 f5 13. Be3 b5 14. c4 e4 15. Bb1 bxc4 16. Ba2 Nd7 17. Nd4 Nf6 18. Nc6 Qe8 19. Bxc4 Ng4 20. Bd4 Bf6 21. h3 Bxd4+ 22. Qxd4 Nf6 23. b4 Bb7 24. a4 Qf7 25. b5 Nd7 26. Rab1 Nc5 27. bxa6 Bxa6 28. Bxa6 Rxa6 29. a5 Qc7 30. Rb5 Rfa8 31. Rfb1 Rxa5 32. Nxa5 Rxa5 33. Qb4 Ra2 34. Rb8+ Kf7 35. Qb5 Qe7 36. Rc1 Ra7 37. Qc6 Rc7 38. Qb6 e3 39. Re1 e2 40. Rxe2 Qxe2 41. Qxc7+ Qe7 42. Qxe7+ Kxe7 43. Ra8 h6 44. Kf1 Ne4 45. h4 g5 46. hxg5 hxg5 47. fxg5 Nxg5 48. Ke2 Kf6 49. Re8 f4 50. Kd3 Kf5 51. Kd4 f3 52. Rf8+ Kg4 53. gxf3+ Nxf3+ 54. Ke4 Nd2+ 55. Ke3 Nc4+ 56. Kd4 Na3 57. Rb8 Nc2+ 58. Ke4 Na3 59. Kd3 Kf4 60. Rb3 1-0

[Event "36th Belgrade Trophy 2023"]
[Site "Belgrade"]
[Date "2023.12.03"]
[Round "9.9"]
[White "Eric, Jovana"]
[Black "Antic, Dejan"]
[Result "1/2-1/2"]
[ECO "C17"]
[WhiteElo "2112"]
[BlackElo "2362"]
[Annotator "ChessBase"]
[PlyCount "133"]
[EventDate "2023.10.23"]
[EventType "swiss"]
[EventCountry "SRB"]
[SourceTitle "playchess.com"]
[Source "ChessBase"]
[SourceQuality "1"]
[TimeControl "40/5400+30:900+30"]

1. e4 e6 2. d4 d5 3. Nc3 Bb4 4. e5 c5 5. Bd2 Ne7 6. a3 Bxc3 7. Bxc3 b6 8. Nf3 Ba6 9. Bxa6 Nxa6 10. h4 Rc8 11. h5 h6 12. Qe2 Nb8 13. Rd1 Nbc6 14. O-O O-O 15. Be1 Qc7 16. c3 f6 17. Bd2 cxd4 18. exf6 Rxf6 19. Nxd4 e5 20. Nxc6 Nxc6 21. Be3 Qf7 22. Qg4 Rf8 23. Qg3 Kh8 24. Rd2 Rd8 25. Rfd1 Rfd6 26. Qg4 Qf6 27. Qg3 Qf7 28. Qg4 Qf6 29. Re2 Qf7 30. f4 d4 31. cxd4 exd4 32. Red2 Rd5 33. Bf2 d3 34. Qf3 Qf5 35. g4 Qd7 36. Kg2 Nd4 37. Bxd4 Rxd4 38. Kg3 Qd6 39. Re1 Rc8 40. Re3 Rd8 41. Re4 Rxe4 42. Qxe4 Qc5 43. Rxd3 Qg1+ 44. Kf3 Qh1+ 45. Ke3 Qg1+ 46. Kf3 Qh1+ 47. Ke3 Qc1+ 48. Kf3 Rf8 49. Re3 Qf1+ 50. Kg3 Qg1+ 51. Kh3 Qf2 52. Rf3 Qxb2 53. g5 Qa1 54. g6 Qh1+ 55. Kg4 Qg2+ 56. Kh4 b5 57. Re3 Qf2+ 58. Kg4 a5 59. Rf3 Qg2+ 60. Kh4 Qf2+ 61. Kg4 Qg1+ 62. Kh4 Qh2+ 63. Kg4 b4 64. axb4 a4 65. Qd4 Qg2+ 66. Kh4 Qh2+ 67. Kg4 1/2-1/2

[Event "36th Belgrade Trophy 2023"]
[Site "Belgrade"]
[Date "2023.12.03"]
[Round "9.10"]
[White "Stanojevic, Ilija"]
[Black "Popchev, Milko"]
[Result "1-0"]
[ECO "C41"]
[WhiteElo "2117"]
[BlackElo "2244"]
[Annotator "ChessBase"]
[PlyCount "79"]
[EventDate "2023.10.23"]
[EventType "swiss"]
[EventCountry "SRB"]
[SourceTitle "playchess.com"]
[Source "ChessBase"]
[SourceQuality "1"]
[TimeControl "40/5400+30:900+30"]

1. d4 d6 2. e4 e5 3. Nf3 exd4 4. Nxd4 Nf6 5. Nc3 Be7 6. Bf4 O-O 7. Qd2 c6 8. O-O-O d5 9. f3 a6 10. exd5 Nxd5 11. Nxd5 Qxd5 12. Nb3 Qxd2+ 13. Rxd2 Nd7 14. Bd6 Bxd6 15. Rxd6 a5 16. a4 Re8 17. Bd3 Ne5 18. Be2 Kf8 19. Rhd1 Ng6 20. Bf1 Ra7 21. Nc5 b6 22. Ne4 Rc7 23. Bc4 h6 24. Rd8 Ne5 25. Bb3 Bd7 26. Rxe8+ Bxe8 27. Rd8 Ke7 28. Rb8 Nd7 29. Ra8 f5 30. Ng3 g6 31. h4 Nf6 32. Rb8 Nd7 33. Ra8 h5 34. Ne2 Nc5 35. Nf4 Nxb3+ 36. cxb3 Bf7 37. Kc2 c5 38. Kc3 c4 39. Kd4 cxb3 40. Rb8 1-0

[Event "36th Belgrade Trophy 2023"]
[Site "Belgrade"]
[Date "2023.12.03"]
[Round "9.11"]
[White "Poleksic, Dusan"]
[Black "Scekic, Veljko"]
[Result "1/2-1/2"]
[ECO "D13"]
[WhiteElo "2068"]
[BlackElo "2211"]
[Annotator "RC"]
[PlyCount "83"]
[EventDate "2023.10.23"]
[EventType "swiss"]
[EventCountry "SRB"]
[SourceTitle "playchess.com"]
[Source "ChessBase"]
[SourceQuality "1"]
[TimeControl "40/5400+30:900+30"]

1. d4 d5 2. c4 c6 3. cxd5 cxd5 4. Nf3 Nc6 5. Nc3 Nf6 6. Bf4 a6 7. h3 g6 8. e3 Bg7 9. Ne5 Nd7 10. Nxd7 Qxd7 11. Qb3 e6 12. Na4 Qd8 13. Nb6 Ra7 14. Bd6 Bf8 15. Bxf8 Kxf8 16. Be2 Kg7 17. Rc1 Qd6 18. Rc5 Bd7 19. O-O Ne7 20. Nxd7 Qxd7 21. Qb6 Nc6 22. Rfc1 Rha8 23. Bd1 Qd8 24. Qxd8 Nxd8 25. Rc7 Kf8 26. h4 h6 27. h5 g5 28. R1c3 b5 29. Bf3 Rxc7 30. Rxc7 Rb8 31. Kf1 Rb6 32. Be2 Rb7 33. Rxb7 Nxb7 34. a4 Nd6 35. Bd3 bxa4 36. Ke2 a5 37. Kd2 Ke7 38. Bc2 Nc4+ 39. Kc3 Nb6 40. Bd3 f5 41. Bb5 Kd6 42. Kc2 1/2-1/2

[Event "36th Belgrade Trophy 2023"]
[Site "Belgrade"]
[Date "2023.12.03"]
[Round "9.12"]
[White "Djokic, Mihailo"]
[Black "Mensing, Adrian"]
[Result "1-0"]
[ECO "B92"]
[WhiteElo "2170"]
[BlackElo "2022"]
[Annotator "NA"]
[PlyCount "77"]
[EventDate "2023.10.23"]
[EventType "swiss"]
[EventCountry "SRB"]
[SourceTitle "playchess.com"]
[Source "ChessBase"]
[SourceQuality "1"]
[TimeControl "40/5400+30:900+30"]

1. e4 c5 2. Nf3 d6 3. d4 cxd4 4. Nxd4 Nf6 5. Nc3 a6 6. Be2 e5 7. Nf3 Be7 8. Bg5 Be6 9. Bxf6 Bxf6 10. Nd5 Nd7 11. O-O Rc8 12. Nd2 Bg5 13. Nc4 Nf6 14. Nxf6+ Bxf6 15. Nxd6+ Ke7 16. Nxc8+ Qxc8 17. c3 h5 18. Qa4 Kf8 19. Rad1 h4 20. Qb4+ Kg8 21. f4 exf4 22. Qd6 h3 23. Qxf4 hxg2 24. Rf2 Rh4 25. Qd6 Rh6 26. Rxg2 Bh4 27. Rd5 g6 28. Rc5 Qe8 29. Qf4 Qf8 30. Rc7 Bd8 31. Rxb7 Qc5+ 32. Kh1 Rh4 33. Qb8 Bc8 34. Rd7 Bb6 35. Rd5 Qc6 36. Rd6 Rxh2+ 37. Kxh2 Bc7 38. Qxc8+ Kg7 39. e5 1-0

[Event "36th Belgrade Trophy 2023"]
[Site "Belgrade"]
[Date "2023.12.03"]
[Round "9.13"]
[White "Oliinyk, Serafim"]
[Black "Kijanovic, Igor"]
[Result "1-0"]
[ECO "B12"]
[WhiteElo "1990"]
[BlackElo "2163"]
[Annotator "ChessBase"]
[PlyCount "57"]
[EventDate "2023.10.23"]
[EventType "swiss"]
[EventCountry "SRB"]
[SourceTitle "playchess.com"]
[Source "ChessBase"]
[SourceQuality "1"]
[TimeControl "40/5400+30:900+30"]

1. e4 c6 2. d4 d5 3. e5 Bf5 4. h4 h5 5. Bd3 Bxd3 6. Qxd3 Qa5+ 7. Nd2 e6 8. Ne2 Ne7 9. Ng3 Qa6 10. c4 Nd7 11. O-O Ng6 12. f4 Nxh4 13. f5 O-O-O 14. b4 Bxb4 15. Rb1 Ba5 16. Qc2 Rdf8 17. cxd5 exd5 18. Nb3 Bd8 19. Bf4 g5 20. Be3 Be7 21. f6 Ba3 22. Bxg5 Nxg2 23. Qxg2 Rfg8 24. Nf5 Nf8 25. Ng7 Ne6 26. Nxe6 fxe6 27. f7 Be7 28. fxg8=Q+ Rxg8 29. Rf6 1-0

[Event "36th Belgrade Trophy 2023"]
[Site "Belgrade"]
[Date "2023.12.03"]
[Round "9.14"]
[White "Garifulin, Yury"]
[Black "Zubova, Mariya"]
[Result "1/2-1/2"]
[ECO "B33"]
[WhiteElo "1956"]
[BlackElo "2157"]
[Annotator "ChessBase"]
[PlyCount "57"]
[EventDate "2023.10.23"]
[EventType "swiss"]
[EventCountry "SRB"]
[SourceTitle "playchess.com"]
[Source "ChessBase"]
[SourceQuality "1"]
[TimeControl "40/5400+30:900+30"]

1. e4 c5 2. Nf3 Nc6 3. d4 cxd4 4. Nxd4 Nf6 5. Nc3 e5 6. Ndb5 d6 7. Bg5 a6 8. Na3 b5 9. Nd5 Be7 10. Bxf6 Bxf6 11. c3 Rb8 12. Nc2 Bg5 13. a4 bxa4 14. Ncb4 Nxb4 15. cxb4 O-O 16. Rxa4 a5 17. b5 Bd7 18. Nc3 d5 19. exd5 e4 20. Rxe4 f5 21. Ra4 Re8+ 22. Be2 Bxb5 23. Nxb5 Rxb5 24. O-O Rxb2 25. Bc4 Bd2 26. Ra2 Rxa2 27. Bxa2 Bb4 28. Qc2 Qd7 29. Qc6 1/2-1/2

[Event "36th Belgrade Trophy 2023"]
[Site "Belgrade"]
[Date "2023.12.03"]
[Round "9.15"]
[White "Savic, Nemanja"]
[Black "Radic, Marko"]
[Result "1-0"]
[ECO "B13"]
[WhiteElo "2136"]
[BlackElo "1620"]
[Annotator "NA"]
[PlyCount "125"]
[EventDate "2023.10.23"]
[EventType "swiss"]
[EventCountry "SRB"]
[SourceTitle "playchess.com"]
[Source "ChessBase"]
[SourceQuality "1"]
[TimeControl "40/5400+30:900+30"]

1. e4 c6 2. d4 d5 3. exd5 cxd5 4. Bd3 Nc6 5. c3 Nf6 6. h3 g6 7. Nf3 Bf5 8. O-O Bxd3 9. Qxd3 Bg7 10. Bf4 O-O 11. Nbd2 Qb6 12. a3 Nd7 13. Rfe1 Rfe8 14. Nf1 Rad8 15. Re2 e5 16. dxe5 Ndxe5 17. Nxe5 Nxe5 18. Bxe5 Rxe5 19. Rae1 Rxe2 20. Rxe2 d4 21. c4 a5 22. b3 Qc5 23. a4 Bh6 24. Re4 f5 25. Re1 Kf7 26. Rd1 Qe5 27. Nh2 Qe4 28. Nf3 Qxd3 29. Ne5+ Ke6 30. Nxd3 b6 31. Re1+ Kd6 32. Kf1 Bg7 33. Nf4 Be5 34. Nd5 Rb8 35. f4 Bh8 36. Re7 h5 37. Ke2 Bf6 38. Rh7 Re8+ 39. Kd3 Bd8 40. Rg7 Re6 41. Rg8 Kd7 42. Kxd4 Re4+ 43. Kd3 Re6 44. Rg7+ Kc6 45. Rg8 Kd7 46. Ne3 Bc7 47. Nd5 Bd8 48. g3 h4 49. g4 fxg4 50. hxg4 Re1 51. Rg7+ Kc8 52. Rxg6 h3 53. Rh6 Rh1 54. Ke4 h2 55. Kf5 Kd7 56. Nf6+ Bxf6 57. Kxf6 Rg1 58. Rxh2 Rxg4 59. f5 Rf4 60. Rh3 Rg4 61. Rd3+ Ke8 62. Rd6 Rh4 63. Ke5 1-0